 Dungeon Crawl Stone Soup version 0.29.0-11-gd7f09526c8 (webtiles) character file.

Game seed: 16416216055851612154

472 Tirrikindir the Slasher (level 7, -10/48 HPs)
             Began as an Octopode Fighter on Sept 5, 2022.
             Was a Follower of Cheibriados.
             Mangled by an orc warrior (14 damage)
             ... in a bailey.
             The game lasted 00:12:47 (4223 turns).

Tirrikindir the Slasher (Octopode Fighter)          Turns: 4223, Time: 00:12:47

Health: -10/48     AC:  1    Str: 17      XL:     7   Next: 9%
Magic:  8/8        EV: 14    Int: 13      God:    Cheibriados [*.....]
Gold:   272        SH:  5    Dex: 14 (15) Spells: 6/6 levels left

rFire   . . .      SeeInvis .   a - +0 long sword
rCold   . . .      Faith    .   b - +0 buckler
rNeg    . . .      Spirit   .   (helmet restricted)
rPois   .          Reflect  .   (no amulet)
rElec   .          Harm     .   (no ring)
rCorr   .          Rampage  .   (no ring)
Will    .....                   (no ring)
Stlth   +++.......              (no ring)
HPRegen 0.96/turn               (no ring)
MPRegen 0.11/turn               (no ring)
                                (no ring)
                                (no ring)

@: fire susceptible, very slow
A: almost no armour, amphibious, 8 rings, camouflage 1, gelatinous body 1,
(nimble swimmer 1), tentacles, deterioration 1, regeneration 1
a: Renounce Religion, Bend Time


You were in a bailey.
You worshipped Cheibriados.
Cheibriados was aware of your devotion.
You visited 1 branch of the dungeon, and saw 5 of its levels.
You also visited: Bailey.

You collected 272 gold pieces.

Inventory:

Hand Weapons
 a - a +0 long sword (weapon)
 c - a +4 short sword
Missiles
 l - 14 poisoned darts (quivered)
 n - a throwing net
Armour
 b - a +0 buckler (worn)
Jewellery
 i - a ring of positive energy
Scrolls
 d - a scroll of fear
 f - a scroll of poison
 j - a scroll of amnesia
Potions
 e - a potion of haste {unknown}
 g - 2 potions of heal wounds
 h - a potion of might
 k - a potion of lignification


   Skills:
 - Level 4.0 Fighting
 * Level 4.4 Long Blades
 + Level 1.1 Throwing
 - Level 4.0 Dodging
 + Level 3.6 Stealth
 - Level 4.0 Shields
 * Level 1.7 Invocations


You had 6 spell levels left.
You didn't know any spells.
Your spell library contained the following spells:

 Spells                   Type           Power      Damage    Failure   Level
 Ensorcelled Hibernation  Hex/Ice        0%         N/A       52%         2
 Passwall                 Tmut/Erth      0%         N/A       52%         2
 Swiftness                Air            0%         N/A       75%         3


Dungeon Overview and Level Annotations

Branches:
Dungeon (7/15)             Bailey (1/1)
 Temple: D:4-7

Altars:
Cheibriados
Ignis


Innate Abilities, Weirdness & Mutations

You cannot wear most types of armour.
You are amphibious.
You can wear up to eight rings at the same time.
Your skin changes colour to match your surroundings (Stealth+).
Your rubbery body absorbs attacks. (AC +1, EV +1)
((You are camouflaged when in or above water. (Stealth+)))
You have tentacles for arms and can constrict up to eight enemies at once.
Your body sometimes deteriorates upon taking damage.
Your natural rate of healing is unusually fast.


Message History

Things that are here:
a +0 arbalest; a +0 scale mail
Things that are here:
a +0 arbalest; a +0 scale mail You start resting.
HP restored.
Found a gate leading back out of this place.
An orc warrior comes into view. It is wielding a +0 arbalest.
Found a gate leading back out of this place.
An orc comes into view. It is wielding a +0 arbalest.
An orc warrior comes into view. It is wielding a +0 arbalest.
An orc comes into view. It is wielding a +0 arbalest.
The helpless orc warrior fails to defend itself.
You hit the orc warrior but do no damage.
You grab the orc warrior.
You squeeze the orc warrior, but do no damage.
You constrict the orc warrior.
The orc warrior unwields a +0 arbalest.
The orc warrior barely misses you.
You hit the orc warrior.
The orc warrior is lightly wounded.
You constrict the orc warrior, but do no damage.
The orc shouts!
You block the orc warrior's attack.
The orc warrior unwields a +0 arbalest.
The orc warrior hits you!
You closely miss the orc warrior. Your grab misses the orc warrior.
Your squeeze misses the orc warrior. You constrict the orc warrior.
The orc warrior hits you. The orc warrior closely misses you.
The orc warrior misses you.
You closely miss the orc warrior. Your grab misses the orc warrior.
You squeeze the orc warrior, but do no damage.
You constrict the orc warrior. The orc warrior hits you! x2
You hit the orc warrior. Your grab misses the orc warrior.
The orc warrior is lightly wounded.
You constrict the orc warrior. The orc warrior hits you!
* * * LOW HITPOINT WARNING * * *
The orc warrior barely misses you.
You release your grip on the orc warrior.
The orc warrior attacks as you move away!
The orc warrior hits you!
You die...

#######################
.......................
.......................
.......................
......................
≈≈≈≈≈~~~~~~~~~~~~~~~~
###≈≈~~~~~~~~~~~~~~~
..≈##o##≈~~~~~~~~~~~~~~~
..≈#.oo@~~~~~~~~~~~~~~~~
..≈##.o#≈~~~~~~~~~~~~~~~
#.##≈~~~~#######~~~~
≈≈~≈≈≈~~~## #~~~~ ~~~
~~~~~## #~~~~
..~~~~~~~~## #~~~~ ..~~
~~~~~# #~~## ..~~ ~##
##~ # +~ #


You could see 2 orc warriors and 2 orcs.

Vanquished Creatures
  An orc warrior (Bailey)
  A kobold brigand (D:7)
  A scorpion (D:4)
  A jelly (D:4)
  A hound (D:4)
  An orc wizard (D:3)
  3 gnolls (D:2)
  An adder (D:2)
  A white imp (D:4)
  An ufetubus (D:3)
  2 worms
  2 dart slugs (D:1)
  9 orcs
  10 endoplasms
  4 giant cockroaches
  9 goblins
  7 hobgoblins
  8 jackals
  12 kobolds
  2 quokkas
  8 ball pythons
  4 bats
  5 frilled lizards
  8 rats
102 creatures vanquished.

Vanquished Creatures (others)
  An orc (Bailey)
1 creature vanquished.

Grand Total: 103 creatures vanquished

Notes
Turn   | Place    | Note
-------+----------+-------------------------------------------
     0 | D:1      | Tirrikindir the Octopode Fighter began the quest for the
                  | Orb.
     0 | D:1      | Reached XP level 1. HP: 16/16 MP: 1/1
   190 | D:1      | Reached XP level 2. HP: 20/21 MP: 2/2
   197 | D:1      | Reached skill level 1 in Stealth
   561 | D:1      | Reached XP level 3. HP: 22/26 MP: 3/3
   706 | D:1      | Found a faded altar of an unknown god.
   712 | D:1      | Prayed at the altar of an unknown god.
   712 | D:1      | Became a worshipper of Ignis, the Dying Flame
  1529 | D:2      | Reached XP level 4. HP: 25/31 MP: 4/4
  2700 | D:3      | Gained mutation: Your body sometimes deteriorates upon
                  | taking damage. [potion of mutation]
  2700 | D:3      | Gained mutation: Your natural rate of healing is unusually
                  | fast. [potion of mutation]
  2853 | D:3      | Reached XP level 5. HP: 36/36 MP: 5/5
  3536 | D:4      | Reached XP level 6. HP: 43/43 MP: 6/6
  3660 | D:4      | Found a snail-covered altar of Cheibriados.
  3665 | D:4      | Fell from the grace of Ignis
  3665 | D:4      | Became a worshipper of Cheibriados the Contemplative
  3922 | D:4      | Noticed a fire elemental
  3922 | D:4      | Noticed a fire elemental
  4024 | D:4      | You fall into a shaft and drop 3 floors!
  4091 | D:7      | Reached skill level 1 in Invocations
  4105 | D:7      | Found a flagged portal.
  4115 | Bailey   | Entered a bailey
  4141 | Bailey   | Reached * piety under Cheibriados
  4157 | Bailey   | Noticed an orc warrior
  4167 | Bailey   | Killed an orc warrior
  4168 | Bailey   | Reached skill level 1 in Throwing
  4168 | Bailey   | Reached XP level 7. HP: 30/48 MP: 6/8
  4223 | Bailey   | Mangled by an orc warrior

Illustrated notes

Levels and vault maps discovered:
D:1:      dpeg_arrival_three_same_balls, layout_basic,
          dreamdust_ecumenical_altar_angels_and_demons, minmay_misc_feat_rugged,
          kennysheep_small_spiral, minmay_tromino_v4_b
D:2:      layout_basic
D:3:      layout_basic
D:4:      minmay_angry_zag, layout_loops_cross, lemuel_doored_altar
D:7:      layout_basic, mainiacjoe_overflow_alcove_3, enter_bailey_3,
          ebering_ghost_inner_flame, uniq_prince_ribbit1,
          uniq_crazy_yiuf_cottage, uniq_pikel
Bailey:   bailey_polearm_2, bailey

Skill      XL: |  1  2  3  4  5  6 |
---------------+-------------------+-----
Stealth        | 1 2 3 |  3.6
Long Blades    | 3 4 |  4.4
Fighting       | 4 |  4.0
Invocations    | 1 |  1.7
Shields        | 4 |  4.0
Throwing       | 1 |  1.1
Dodging        | 4 |  4.0

Action                   |  1- 3 |  4- 6 |  7- 9 || total
-------------------------+-------+-------+-------++-------
Melee: Long sword        |    57 |   124 |     7 ||   188
       Constrict         |    13 |    33 |     1 ||    47
       Tentacles         |    12 |    25 |     3 ||    40
       Punch             |     3 |     2 |       ||     5
Throw: Dart              |       |     1 |       ||     1
Invok: Fiery Armour      |     1 |       |       ||     1
  Use: Scroll            |     3 |     8 |       ||    11
       Potion            |     1 |     2 |       ||     3
 Stab: Sleeping          |    10 |    14 |     1 ||    25
Armor: Skin              |     2 |    10 |       ||    12
Dodge: Dodged            |    22 |    78 |     7 ||   107
Block: Buckler           |     8 |    31 |     1 ||    40
